Unix NetHack Version 3.7.0-66 Work-in-progress - last build Dec 5 2022 03:26:57 (dbea811729ade750c4c0c7f8ab6145c62533a6e7,branch:master). Game began 2022-12-11 13:17:48, ended 2022-12-20 09:58:50. elenmirie, neutral female gnomish Ranger ----------------- ........%.).).......| .........----%----...--- ..........--.......--....| ..%.......-- .%.%....--...------- ----- ...........| .%[......|....)..).| ----- A L A ...| -...------- .... ...--------...| |... ---------a.-- ----|--- ...%...-- ---.---- --..--------- |.......|@..-- --....... -----%----- ....$..-- --...|.......| A|..@....|....---........ ---.........--- ..0.....---....|.......| |..@@...-@A@A.%.A.@....@ |.............| .......%/%.%(%%%%.%...| |......@|a%..---...... |. ----|---- .| .%...$---.%..|...%...| |A.@.P..|.A.-- --.... | |.......| | ....-- --...|.......| ---------..-- ---- |..%....| --- --..--------- A a a..| |..%_...| |... ----- |%......| ----- |.......| --------- Elenmirie the Scout St:18/39 Dx:20 Co:18 In:14 Wi:18 Ch:15 Neutral Astral Plane $:2 HP:123(158) Pw:63(63) AC:-34 Xp:15/202315 T:47633 Latest messages: The magic missile whizzes by you! The magic missile bounces! The magic missile misses Keni the Student of Winds. The high priestess intones: "Pilgrim, you enter a sacred place!" Keni the Student of Winds turns to flee. The Angel of Mars wields a long sword! The renegade priest of Venus picks up a potion called acid. The priest of Mercury wields a mace! The mace welds itself to the priest of Mercury's hand! The Angel of Moloch zaps you with a magic missile! The magic missile hits the renegade priest of Venus! The magic missile hits the fire ant! The renegade Angel of Venus swings his long sword at the fire ant. The renegade Angel of Venus hits the fire ant. The renegade Angel of Venus swings his long sword at the fire ant. The renegade Angel of Venus hits the fire ant. The fire ant is killed! The Angel of Mars swings his long sword at the priestess of Venus. The Angel of Mars hits the priestess of Venus. The Angel of Mars swings his long sword at the priestess of Venus. The Angel of Mars hits the priestess of Venus. The Angel of Mars hits the priestess of Venus. The priestess of Venus wields a mace! The priestess of Venus drinks a potion of gain level! The priestess of Venus seems more experienced. There is a high altar to Venus (neutral) here. What do you want to remove? [CKY or ?*] ? You were wearing a blessed ring called conflict (on right hand). The lich casts a spell! You hear a mumbled curse. The priestess of Moloch zaps a wand of magic missile! The magic missile hits you! But it reflects from your shield! There is a high altar to Venus (neutral) here. Pick an object. Talk to whom? (in what direction) h The high priestess of Venus gives you two bits for an ale. What do you want to sacrifice? [G or ?*] G You offer the Amulet of Yendor to Venus... An invisible choir sings, and you are bathed in radiance... The voice of Venus booms: "Mortal, thou hast done well!" "In return for thy service, I grant thee the gift of Immortality!" You ascend to the status of Demigoddess... Do you want your possessions identified? [ynq] (y) y Do you want to see your attributes? [ynq] (y) y Do you want an account of creatures vanquished? [ynaq] (y) y Do you want a list of species genocided and extinct? [ynq] (y) y Do you want to see your conduct and achievements? [ynq] (y) y Do you want to see the dungeon overview? [ynq] (y) y Inventory: Coins $ - 2 gold pieces Amulets K - an uncursed amulet of life saving (being worn) Weapons i - 22 blessed rustproof +9 arrows (in quiver) H - the blessed +3 Longbow of Diana (alternate weapon; not wielded) a - the blessed rustproof +6 Vorpal Blade (weapon in hand) Armor I - a blessed thoroughly burnt +2 elven leather helm (being worn) c - a blessed thoroughly burnt +3 pair of gauntlets of dexterity (being worn) R - a blessed thoroughly burnt +3 pair of speed boots (being worn) q - a blessed +1 shield of reflection (being worn) j - an uncursed fireproof +3 cloak of protection (being worn) U - a blessed +4 T-shirt with text "They Might Be Storm Giants" (being worn) E - a blessed +3 gray dragon scale mail (being worn) Comestibles L - an uncursed lizard corpse Potions D - 2 blessed potions of full healing Rings C - a blessed ring of conflict Y - an uncursed ring of free action (on left hand) g - a blessed ring of levitation Z - an uncursed ring of teleport control Wands B - an uncursed wand of death (1:5) O - an uncursed wand of death (1:1) W - an uncursed wand of death (0:0) F - an uncursed wand of digging (0:5) M - an uncursed wand of digging (0:5) S - an uncursed wand of digging (0:4) f - an uncursed wand of digging (0:1) X - an uncursed wand of digging (0:0) N - a cursed wand of digging (0:8) l - an uncursed wand of striking (0:1) b - an uncursed wand of teleportation (0:7) Tools w - a blessed bag of holding containing 98 items s - a cursed fire horn (0:4) n - an uncursed tooled horn J - the uncursed Bell of Opening (0:2) A - an uncursed magic lamp (lit) e - an uncursed skeleton key P - an uncursed stethoscope x - a cursed towel u - a blessed +0 unicorn horn Gems/Stones r - a blessed luckstone Contents of the bag of holding: 7267 gold pieces 100 blessed rustproof +8 arrows 10 uncursed +0 silver arrows an uncursed +3 athame a blessed +2 pair of water walking boots an uncursed +0 Hawaiian shirt with a ukulele motif 2 uncursed cloves of garlic an uncursed eucalyptus leaf 3 uncursed food rations 4 uncursed food rations 3 uncursed fortune cookies 8 uncursed K-rations an uncursed lizard corpse an uncursed scroll of amnesia a cursed scroll of amnesia 11 blessed scrolls of blank paper 4 cursed scrolls of blank paper 2 uncursed scrolls of confuse monster a blessed scroll of create monster an uncursed scroll of create monster 5 uncursed scrolls of create monster an uncursed scroll of enchant armor an uncursed scroll of enchant weapon an uncursed scroll of enchant weapon 4 uncursed scrolls of fire an uncursed scroll of food detection a blessed scroll of light 3 uncursed scrolls of light an uncursed scroll of magic mapping a cursed scroll of magic mapping an uncursed scroll of punishment 2 uncursed scrolls of taming a blessed scroll of teleportation 2 uncursed scrolls of teleportation 5 cursed scrolls of teleportation an uncursed potion of booze 2 uncursed potions of confusion an uncursed potion of extra healing an uncursed potion of fruit juice 5 uncursed potions of gain energy an uncursed potion of levitation a blessed potion of monster detection an uncursed potion of object detection 2 uncursed potions of oil 3 uncursed potions of paralysis an uncursed potion of restore ability an uncursed potion of speed a cursed potion of speed 12 potions of holy water an uncursed potion of water 3 potions of unholy water a cursed -1 ring of adornment an uncursed ring of cold resistance an uncursed ring of conflict an uncursed ring of fire resistance an uncursed ring of fire resistance a cursed -2 ring of gain strength a cursed ring of hunger a cursed ring of invisibility an uncursed ring of poison resistance an uncursed ring of polymorph control an uncursed ring of polymorph control an uncursed ring of regeneration an uncursed ring of searching an uncursed ring of see invisible an uncursed ring of shock resistance an uncursed ring of slow digestion an uncursed ring of slow digestion an uncursed ring of teleport control an uncursed ring of teleport control a cursed ring of teleportation a cursed wand of cold (0:3) an uncursed wand of create monster (0:13) an uncursed wand of create monster (0:9) a cursed wand of create monster (0:10) an uncursed wand of digging (0:4) an uncursed wand of digging (0:4) an uncursed wand of digging (0:4) an uncursed wand of digging (0:3) an uncursed wand of fire (0:5) an uncursed wand of fire (0:3) an uncursed wand of lightning (0:6) an uncursed wand of locking (0:2) an uncursed wand of magic missile (0:8) an uncursed wand of opening (0:8) an uncursed wand of sleep (0:4) an uncursed wand of sleep (0:1) an uncursed wand of sleep (0:0) an uncursed wand of striking (0:2) an uncursed wand of teleportation (0:5) an uncursed wand of wishing (1:2) a blessed magic marker (1:50) an uncursed magic marker (1:2) an uncursed magic marker (1:0) an uncursed magic whistle 4 uncursed tallow candles an uncursed tinning kit (0:36) 6 uncursed diamonds Elenmirie the Ranger's attributes: Background: You were a Scout, a level 15 female gnomish Ranger. You were neutral, on a mission for Venus who was opposed by Mercury (lawful) and Mars (chaotic). You were in the endgame, on the Astral Plane. You entered the dungeon 47633 turns ago. You had 202315 experience points, 117685 more were needed to attain level 16. Basics: You had 123 out of 158 hit points. You had all 63 energy points (spell power). Your armor class was -34. Your wallet contained 2 zorkmids, and you had 7267 more stashed away in your pack. Autopickup was on for '0' plus thrown. Final Characteristics: Your strength was 18/39 (limit:18/50). Your dexterity was 20 (base:17, peak:18, innate limit:18). Your constitution was 18 (limit:18). Your intelligence was 14 (peak:19, limit:19). Your wisdom was 18 (limit:18). Your charisma was 15 (limit:18). Final Status: You were not hungry. You were unencumbered. You were wielding a long sword. You had basic skill with long sword. Final Attributes: You were piously aligned. You were magic-protected. You were fire resistant. You were cold resistant. You were sleep resistant. You were disintegration resistant. You were shock resistant. You were poison resistant. You saw invisible. You were telepathic. You had automatic searching. You had infravision. You were invisible to others. You were stealthy. You could teleport. You had a large defense bonus (+11). You were protected. You were very fast. You had reflection. You had free action. Your life would have been saved. You were lucky. You had extra luck. Good luck did not time out for you. You survived. Miscellaneous: You encountered 1 bones level. Total elapsed playing time was 19 hours, 48 minutes and 57 seconds. Major events: Turn 1: elenmirie the neutral female gnomish Ranger entered the dungeon 864: attained the rank of Lookout (level 3) 966: entered the Gnomish Mines 1927: reached Mine Town 2341: made her first wish - "blessed fixed +3 gray dragon scale mail", got "a gray dragon scale mail" 4292: attained the rank of Trailblazer (level 6) 4700: destroyed laura's ghost, the former Cutpurse 10713: was bestowed with Vorpal Blade by Venus 13043: entered Sokoban 13425: completed 1st Sokoban level 16289: completed 2nd Sokoban level 16729: completed 3rd Sokoban level 17923: completed 4th Sokoban level 17971: acquired the Sokoban bag of holding 19128: attained the rank of Reconnoiteress (level 10) 21641: acquired the Mines' End luckstone 31369: performed her first genocide (master mind flayers) 31378: entered Gehennom 32609: wished for "blessed fixed ring of levitation", got "a tiger eye ring" 33080: killed Medusa 34180: killed Croesus 34934: attained the rank of Scout (level 14) 36366: killed Scorpius 36400: found the Longbow of Diana on the floor 36400: acquired the Bell of Opening 38421: wished for "uncursed magic marker", got "a magic marker" 38424: wished for "uncursed magic marker", got "a magic marker" 39970: killed Juiblex 40077: bribed Asmodeus with 29 zorkmids for safe passage 41382: bribed Baalzebub with 22 zorkmids for safe passage 42676: killed the invisible Orcus 43218: wished for "blessed fixed +3 cloak of protection", got "a tattered cape" 43812: destroyed Vlad the Impaler 43822: acquired the Candelabrum of Invocation 43848: genocided disenchanters 43849: wished for "blessed fixed ring of free action", got "a steel ring" 44713: killed the Wizard of Yendor 44726: acquired the Book of the Dead 44838: performed the invocation 45048: killed the Wizard of Yendor (2nd time) 45072: wished for "blessed fixed ring of conflict", got "a diamond ring" 45245: killed the high priest of Moloch 45249: acquired The Amulet of Yendor 45498: killed the Wizard of Yendor (3rd time) 46079: wished for "blessed fixed ring of levitation", got "a ring of levitation" 46186: killed Yeenoghu 46886: wished for "blessed magic marker", got "a magic marker" 46958: wished for "3 blessed scrolls of genocide", got "a scroll labeled ETAOIN SHRDLU" 47242: entered the Elemental Planes 47242: entered Plane of Earth 47288: entered Plane of Air 47342: entered Plane of Fire 47361: entered Plane of Water 47364: genocided class ; 47478: entered the Astral Plane 47486: killed Famine 47493: found Sunsword carried by a monster 47511: killed Famine (2nd time) 47535: killed Famine (3rd time) 47590: killed Death 47618: killed Pestilence 47619: found Cleaver carried by a monster 47633: ascended Vanquished creatures: Orcus Yeenoghu Juiblex the Wizard of Yendor (4 times) Death Pestilence Famine (thrice) Vlad the Impaler 4 arch-liches a high cleric 2 mastodons Medusa Croesus 14 krakens a master lich a titan a glass golem 2 balrogs 5 purple worms 2 gray dragons a gold dragon 3 silver dragons 2 red dragons a white dragon 2 orange dragons 2 black dragons 4 blue dragons a green dragon a yellow dragon 7 minotaurs 5 jabberwocks Scorpius 3 baluchitheria 7 Angels 5 demiliches a stone golem a master mind flayer 3 Olog-hai 2 Nazgul 6 pit fiends 3 sandestins 3 hell hounds a displacer beast 4 titanotheres a trapper 2 baby yellow dragons a genetic engineer a disenchanter 24 vampire leaders 5 skeletons 12 aligned clerics a captain 6 shades 10 liches 5 nurses 8 ice devils a nalfeshnee 2 lurkers above a frost giant 4 ettins a golden naga 3 black puddings 37 vampires 9 lieutenants 33 ghosts a healer 2 queen bees 3 winged gargoyles 3 mind flayers 6 giant mimics 7 long worms 5 zruties 4 ogre tyrants an ice troll 3 rock trolls 2 umber hulks 2 flesh golems an elven monarch 3 doppelgangers 3 hezrous 6 bone devils 9 large mimics 6 wumpuses a couatl 10 stalkers 4 fire elementals an earth elemental 2 water elementals 2 hill giants 3 giant mummies 4 black nagas 6 xorns 15 giant zombies 8 elf-nobles 20 sergeants a water demon 3 barbed devils 9 vrocks 3 salamanders 12 wargs a winter wolf 17 small mimics a glass piercer 2 steam vortices 5 xans 4 ettin mummies an ogre leader 5 quantum mechanics 4 trolls 3 wood golems 2 erinyes 5 mariliths a djinni 8 sharks 8 electric eels 5 gelatinous cubes 4 pyrolisks a large dog 3 freezing spheres 9 flaming spheres 6 shocking spheres 2 large cats 5 tigers 5 gargoyles 6 tengu an ochre jelly 5 leocrottas 26 mountain centaurs 5 stone giants 2 elf mummies 5 human mummies 2 red nagas 2 green slimes 6 pythons 9 pit vipers 8 cobras 35 wraiths 5 carnivorous apes 19 ettin zombies 2 leather golems 5 Grey-elves 111 soldiers 6 amorous demons 9 horned devils 3 chameleons 5 crocodiles 19 giant beetles 7 quivering blobs 26 cockatrices 7 wolves 3 winter wolf cubs 2 lynxes 6 panthers 8 gremlins 14 leprechauns 3 orc-captains 4 iron piercers 5 mumakil 13 giant spiders 33 scorpions 2 horses an ice vortex 7 black lights 5 vampire bats 58 forest centaurs 2 gnome rulers an orc mummy 4 dwarf mummies 5 ogres 4 brown puddings 5 rust monsters 11 owlbears 4 yetis 3 gold golems a werewolf 18 Green-elves 6 piranha 20 giant eels 13 lizards 12 chickatrices 3 dingoes 2 dogs 6 jaguars 5 blue jellies 5 white unicorns 4 black unicorns 9 dust vortices 2 ravens 12 plains centaurs 3 gnome mummies 9 snakes 5 water moccasins 4 apes 22 human zombies 4 rope golems 6 Woodland-elves 47 soldier ants 19 fire ants 14 bugbears 5 imps a lemure 3 quasits 3 wood nymphs 7 water nymphs 2 mountain nymphs a Mordor orc 4 Uruk-hai 2 orc shamans 8 rock piercers 3 rock moles 4 ponies 5 fog clouds 9 yellow lights a shrieker 10 violet fungi 2 gnome leaders 8 kobold mummies a black naga hatchling 6 gray oozes 3 barrow wights 16 elf zombies 21 ghouls 4 straw golems a paper golem 4 jellyfish a baby crocodile 39 giant ants 2 little dogs 19 floating eyes 4 kittens 3 dwarves 13 homunculi 6 kobold leaders 3 kobold shamans 18 hill orcs 24 rothes 4 rabid rats 5 centipedes 7 giant bats 2 monkeys 13 orc zombies 24 dwarf zombies 5 wererats 2 werejackals 12 iguanas 89 killer bees 8 acid blobs 5 coyotes 3 gas spores 6 hobbits 17 manes 6 large kobolds 24 hobgoblins 21 giant rats 12 cave spiders a brown mold 9 yellow molds 2 red molds 3 gnomes 6 garter snakes 10 gnome zombies 13 geckos 25 jackals 2 foxes 8 kobolds 3 goblins 7 sewer rats 9 grid bugs 9 bats 15 lichens 23 kobold zombies 17 newts 2045 creatures vanquished. Genocided or extinct species: master mind flayers disenchanters erinyes (extinct) jellyfish piranha sharks giant eels electric eels krakens 8 species genocided. 1 species extinct. Voluntary challenges: You read items or engraved 110 times. You never engraved Elbereth. You genocided 8 types of monsters. You never polymorphed an object. You never changed form. You used 10 wishes. You did not wish for any artifacts. You did not violate any of the special Sokoban rules. Achievements: You attained the rank of Lookout. You entered the Gnomish Mines. You entered Minetown. You entered a shop. You entered a temple. You attained the rank of Trailblazer. You entered Sokoban. You completed Sokoban. You attained the rank of Reconnoiteress. You completed the Gnomish Mines. You learned the tune to open and close the Castle's drawbridge. You entered Gehennom. You defeated Medusa. You attained the rank of Scout. You had the Bell of Opening. You handled the Candelabrum of Invocation. You handled the Book of the Dead. You gained access to Moloch's Sanctum. You reached the Elemental Planes. You reached the Astral Plane. You delivered the Amulet of Yendor. You ascended! The Elemental Planes: Astral Plane: <- You are here. Many temples. Plane of Water: Plane of Fire: Plane of Air: Plane of Earth: The Dungeons of Doom: levels 1 to 25 Level 1: Level 2: Many altars. Stairs down to The Gnomish Mines. Level 3: A weapon shop, a grave. Level 4: Final resting place for laura-Rog-Orc-Fem-Cha, killed by a centipede, while fainted from lack of food. Level 5: Level 6: Oracle of Delphi. Level 7: Stairs up to Sokoban, level 6. Level 8: A general store. Level 9: Some fountains, a sink. Level 10: A general store, a fountain. Level 11: A grave. Level 12: Portal to The Quest. Level 13: Level 14: A temple to Venus, a fountain. Level 15: Level 16: A primitive area. Level 17: An altar to Venus, a grave. Level 18: Level 19: Level 20: "lep hall" Level 21: Some fountains. Level 22: Portal to Fort Ludios. Level 23: Some fountains, many trees. Level 24: Level 25: The castle (play notes "GBFGC" to open or close drawbridge). Connection to Gehennom. Gehennom: levels 26 to 45 Level 26: A temple, many graves. Valley of the Dead. Level 27: Level 28: Level 29: Level 30: Level 31: Some fountains. Level 32: Level 33: Level 34: Level 35: Some shops, an altar, some graves. Level 36: Level 37: Level 38: Stairs up to Vlad's Tower, level 37. Level 39: Level 40: Level 41: Level 42: Level 43: Level 44: Level 45: A temple, many graves. Moloch's Sanctum. The Gnomish Mines: levels 3 to 11 Level 3: Level 4: Level 5: Many shops, a temple, some fountains. Level 6: Level 7: Level 8: Level 9: Level 10: Level 11: Some fountains. The Quest: levels 1 to 6 Level 1: Many trees. Completed quest for Orion. Level 2: Many trees. Level 3: Level 4: Level 5: Level 6: Sokoban: levels 6 up to 3 Level 3: Solved. Level 4: Solved. Level 5: Solved. Level 6: Solved. Fort Ludios: Level 1: Fort Ludios. Vlad's Tower: levels 37 up to 35 Level 35: Level 36: Level 37: Goodbye elenmirie the Demigoddess... You went to your reward with 2096216 points, Vorpal Blade (worth 4000 zorkmids and 10000 points) The Longbow of Diana (worth 4000 zorkmids and 10000 points) The Bell of Opening (worth 5000 zorkmids and 12500 points) 6 diamonds (worth 24000 zorkmids), 1 amulet of life saving (worth 150 zorkmids), and 7269 pieces of gold, after 47633 moves. You were level 15 with a maximum of 158 hit points when you ascended.